 Dungeon Crawl Stone Soup version 0.22-a0-422-g9628fc8 (webtiles) character file.

32 theanonym the Skirmisher (level 3, 0/29 HPs)
             Began as a Mummy Chaos Knight on May 17, 2018.
             Slain by a gnoll
             ... wielding a +2 spear of flaming
              (1 damage)
             ... on level 1 of the Dungeon.
             The game lasted 00:01:03 (427 turns).

theanonym the Skirmisher (Mummy Chaos Knight)        Turns: 427, Time: 00:01:03

Health: 0/29       AC: 10    Str: 16    XL:     3   Next: 10%
Magic:  3/3        EV:  4    Int: 11    God:    Xom [..*...]
Gold:   37         SH:  0    Dex: 11    Spells: 2/2 levels left

rFire    x . .     SeeInvis .   a - +0 hand axe (chaos)
rCold    + . .     Gourm    .   (no shield)
rNeg     + + +     Faith    .   d - +0 plate armour
rPois    ∞         Spirit   .   (no helmet)
rElec    .         Reflect  .   (no cloak)
rCorr    .         Harm     .   (no gloves)
MR       .....                  (no boots)
Stlth    ..........             e - amulet of regeneration
HPRegen  0.49/turn              (no ring)
MPRegen  0.08/turn              (no ring)

@: no status effects
A: no food or potions, fire vulnerability, cold resistance 1, negative energy
resistance 3, torment resistance, unbreathing
a: Renounce Religion


Innate Abilities, Weirdness & Mutations

You do not eat or drink.
Your flesh is vulnerable to fire.
You are immune to poison.
Your flesh is cold resistant. (rC+)
You are immune to negative energy. (rN+++)
You are immune to unholy pain and torment.
You can survive without breathing.


   Skills:
 + Level 3.4 Fighting
 * Level 3.2 Axes
 - Level 1.5 Armour
 - Level 0.7 Dodging


You had 2 spell levels left.
You didn't know any spells.
Your spell library was empty.

Skill      XL: |  1  2 |
---------------+-------+-----
Axes           | 3 |  3.2
Fighting       | |  3.4
Armour         | |  1.5
Dodging        | |  0.7

Action                   || total
-------------------------++-------
Melee: Hand axe          ||    67
  Use: Scroll            ||     1
Armor: Plate armour      ||    54
       Leather armour    ||     2
Dodge: Dodged            ||    25

Inventory:

Hand Weapons
 a - a +0 hand axe of chaos (weapon)
Armour
 b - a +2 leather armour
 d - a +0 plate armour (worn)
   (You found it on level 1 of the Dungeon)
 f - a +0 cloak
   (You found it on level 1 of the Dungeon)
Jewellery
 e - an amulet of regeneration (around neck)
   (You found it on level 1 of the Dungeon)
 g - an uncursed amulet of faith {unknown}
   (You found it on level 1 of the Dungeon)


You were on level 1 of the Dungeon.
You worshipped Xom.
You were a toy of Xom.
You were not hungry.

You visited 1 branch of the dungeon, and saw 1 of its levels.

You collected 37 gold pieces.

Dungeon Overview and Level Annotations

Branches:
Dungeon (1/15)

Altars:

..#####......÷..#####.# #.####
...## #..⌠.....## ##.## ##....#
.##.# #.....########...###.#...##
......########...........(##.....
.### # #.#####..###....##.(......
.# #........# #.#.###........ ##
#######.## #.#.# #...(....
####.####.#.# ####(..##
#.....@...#.# #...# #.##.######.#
#.).# #.# #..## #.# #.## .# #.#
#.# #.# ##### #.# ....# #.#


There were no monsters in sight!

Notes
Turn   | Place    | Note
-------+----------+-------------------------------------------
     0 | D:1      | theanonym the Mummy Chaos Knight began the quest for the Orb.
     0 | D:1      | Reached XP level 1. HP: 18/18 MP: 1/1
    80 | D:1      | Reached XP level 2. HP: 22/24 MP: 2/2
   212 | D:1      | Reached skill level 3 in Axes
   319 | D:1      | Reached XP level 3. HP: 29/29 MP: 3/3
   418 | D:1      | HP: 13/29 [something (3)]
   419 | D:1      | HP: 4/29 [something (4)]
   424 | D:1      | HP: 2/29 [something (5)]
   427 | D:1      | Slain by a gnoll

Vanquished Creatures
  3 dart slugs (D:1)
  3 leopard geckos (D:1)
  A giant cockroach (D:1)
  3 hobgoblins (D:1)
  4 jackals (D:1)
  2 bats (D:1)
  A frilled lizard (D:1)
  A goblin (D:1)
  3 kobolds (D:1)
  2 rats (D:1)
23 creatures vanquished.

Table legend:
 A = Turns spent in this place as a percentage of turns spent in the entire game.
 B = Non-inter-level travel turns spent in this place as a percentage of non-inter-level travel turns spent in the entire game.
 C = Inter-level travel turns spent in this place as a percentage of turns spent in this place.
 D = Turns resting spent in this place as a percentage of non-inter-level travel turns spent in this place.
 E = Turns spent auto-exploring this place as a percentage of non-inter-level travel turns spent in this place.
 F = Non-inter-level travel turns spent in this place divided by the number of levels of this place that you've seen.
                   A       B       C       D       E      F
               +-------+-------+-------+-------+-------+----------------------
         Total | 100.0 | 100.0 |   0.0 |   0.0 |  64.9 | 427.0
       Dungeon | 100.0 | 100.0 |   0.0 |   0.0 |  64.9 | 427.0
               +-------+-------+-------+-------+-------+----------------------
